 Dungeon Crawl Stone Soup version 0.28-a0-1227-ga9037bb4c8 (webtiles) character file.

Game seed: 1562317510689327524

542 AarnesTheHuman the Poker (level 7, 0/90 HPs)
             Began as a Gnoll Cinder Acolyte on Dec 22, 2021.
             Was an Initiate of Hepliaklqana.
             Slain by a fire elemental (1 damage)
             ... created by the fiery vengeance of Ignis
             ... on level 4 of the Dungeon.
             The game lasted 00:11:41 (4962 turns).

AarnesTheHuman the Poker (Gnoll Cinder Acolyte)     Turns: 4962, Time: 00:11:42

Health: 0/90       AC: 23    Str: 14 (15) XL:     7   Next: 27%
Magic:  12/12      EV:  2    Int: 10 (13) God:    Hepliaklqana [......]
Gold:   185        SH:  0    Dex:  5 (8)  Spells: 13/13 levels left

rFire   . . .      SeeInvis .   a - +2 short sword (elec)
rCold   . . .      Faith    .   (no shield)
rNeg    . . .      Spirit   .   (armour currently unavailable)
rPois   +          Reflect  .   (helmet currently unavailable)
rElec   .          Harm     .   (cloak currently unavailable)
rCorr   .          Rampage  .   (gloves currently unavailable)
Will    .....      NoTele   +   (boots currently unavailable)
Stlth   +.........              i - amulet of magic regeneration
HPRegen 0.25/turn               (no ring)
MPRegen 0.53/turn               (no ring)

@: tree-form, fire susceptible
A: stationary, stasis, torment immunity, boosted hp, (fangs 1), strong nose,
distributed training
a: Renounce Religion


You were on level 4 of the Dungeon.
You worshipped Hepliaklqana.
Hepliaklqana was noncommittal.
You were a tree.
You visited 1 branch of the dungeon, and saw 4 of its levels.

You collected 185 gold pieces.

Inventory:

Hand Weapons
 a - a +2 short sword of electrocution (weapon)
 b - a -1 spear of flaming
 r - a +0 hunting sling
Missiles
 l - 16 poisoned darts (quivered)
 s - 13 sling bullets
 t - 145 stones
Armour
 j - a +0 ring mail
 n - a +0 robe
 p - a +0 pair of gloves (melded)
 v - a +0 leather armour of fire resistance (melded)
 x - a +0 cloak (melded)
Magical Staves
 m - a staff of cold
Jewellery
 i - an amulet of magic regeneration (around neck)
Scrolls
 c - 2 scrolls of identify {unknown}
 d - a scroll of blinking {unknown}
 e - a scroll of noise {unknown}
 f - a scroll of torment {unknown}
 g - 3 scrolls of teleportation {unknown}
 h - a scroll of fog {unknown}
 k - a scroll of enchant weapon
 q - a scroll of immolation {unknown}
 w - a scroll of vulnerability {unknown}
Potions
 u - a potion of attraction {unknown}
 z - a potion of lignification


   Skills:
 + Level 7.0 Fighting
 + Level 2.3 Short Blades
 + Level 2.3 Long Blades
 + Level 2.3 Axes
 + Level 2.3 Maces & Flails
 + Level 7.0 Polearms
 + Level 2.3 Staves
 + Level 2.3 Slings
 + Level 2.3 Bows
 + Level 2.3 Crossbows
 + Level 2.3 Throwing
 + Level 2.3 Armour
 + Level 2.3 Dodging
 + Level 2.3 Stealth
 + Level 2.3 Shields
 + Level 2.3 Unarmed Combat
 + Level 3.7 Spellcasting
 + Level 1.9 Conjurations
 + Level 1.9 Hexes
 + Level 1.9 Summonings
 + Level 1.9 Necromancy
 + Level 1.9 Translocations
 + Level 1.9 Transmutations
 + Level 5.8 Fire Magic
 + Level 1.9 Ice Magic
 + Level 1.9 Air Magic
 + Level 1.9 Earth Magic
 + Level 1.9 Poison Magic
 + Level 2.6 Invocations
 + Level 2.3 Evocations


You had 13 spell levels left.
You didn't know any spells.
Your spell library contained the following spells:

 Spells                   Type           Power      Damage    Failure   Level
 Scorch                   Fire           26%        2d6       3%          2
 Magic Dart               Conj           20%        1d4       12%         1
 Searing Ray              Conj           10%        2d4       19%         2
 Sublimation of Blood     Necr           5%         N/A       19%         2
 Wereblood                Tmut           5%         N/A       19%         2
 Fulminant Prism          Conj/Hex       2%         3d6       75%         4
 Summon Hydra             Summ           2%         N/A       100%        7


Dungeon Overview and Level Annotations

Branches:
Dungeon (4/15)
 Temple: D:4-7

Altars:
Hepliaklqana

Annotations:
D:3 2 transporters, hemabe71's ghost, amateur HuAr
D:4 3 runed translucent doors, Ijyb; Leissi's ghost, amateur MiFi


Innate Abilities, Weirdness & Mutations

You are a tree.
Your roots penetrate the ground, keeping you stationary.
You cannot be teleported.
You are immune to unholy pain and torment.
Your maximum health is greatly increased.
Your equipment is partially melded.
((You have very sharp teeth.))
Your uncanny sense of smell can sniff out nearby items.
Your experience applies equally to all skills.


Message History

Unknown command.
You closely miss the fire elemental. The fire elemental hits you.
The fire elemental burns you!
You barely miss the fire elemental.
You bite the fire elemental, but do no damage.
The fire elemental hits you. The fire elemental burns you!
The fire elemental hits you. The fire elemental burns you!
Press: ? - help, v - describe, . - travel
Here: a fire elemental (durably summoned)
The floor.
Unknown command.
You hit the fire elemental.
The fire elemental is lightly damaged.
The fire elemental hits you. The fire elemental burns you!
The fire elemental hits you. The fire elemental burns you!
* * * LOW HITPOINT WARNING * * *
As you read the scroll labelled KISINLUOHE, it crumbles to dust.
It is a scroll of enchant weapon.
Your +1 short sword of electrocution glows red for a moment.
The fire elemental closely misses you.
It was a potion of lignification.
You turn into a tree.
Your +0 cloak melds into your body.
Your +0 pair of gloves melds into your body.
Your +0 leather armour of fire resistance melds into your body.
You feel less resistant to fire.
Your roots penetrate the ground.
The fire elemental hits you. The fire elemental burns you!
* * * LOW HITPOINT WARNING * * *
Okay, then.
Unknown command.
It was a potion of degeneration.
There was something very wrong with that liquid.
You feel weakened.
You feel dopey.
You feel clumsy. The fire elemental hits you. The fire elemental burns you!
* * * LOW HITPOINT WARNING * * *
You hit the fire elemental.
The fire elemental is lightly damaged.
The fire elemental hits you. The fire elemental burns you!
* * * LOW HITPOINT WARNING * * *
The fire elemental hits you. The fire elemental burns you!
You die...

#.##......#
#.#######.# #.#
#.# ########.#
#.#######.#
........#
#.........#
#$.>.....
#########E####.#.#
#○☼E...#.#
#.######.#
#..EE♣...#
##########


You could see 2 fire elementals.

Vanquished Creatures
  3 ogres
  2 hounds
  An orc priest (D:3)
  7 gnolls
  2 adders (D:2)
  2 worms
  A dart slug (D:2)
  9 orcs (D:3)
  8 endoplasms
  2 giant cockroaches
  A goblin (D:4)
  10 hobgoblins
  2 jackals (D:4)
  6 quokkas
  10 ball pythons
  9 bats
  5 frilled lizards
  9 kobolds
  21 rats
110 creatures vanquished.

Vanquished Creatures (others)
  107 foxfires
  A fungus (D:4)
  14 plants
122 creatures vanquished.

Grand Total: 232 creatures vanquished

Notes
Turn   | Place    | Note
-------+----------+-------------------------------------------
     0 | D:1      | AarnesTheHuman the Gnoll Cinder Acolyte began the quest for
                  | the Orb.
     0 | D:1      | Reached XP level 1. HP: 23/23 MP: 4/4
   156 | D:1      | Reached XP level 2. HP: 23/29 MP: 5/5
   381 | D:1      | You fall into a shaft and drop 1 floor!
   542 | D:1      | Reached XP level 3. HP: 33/35 MP: 7/7
   735 | D:1      | Found a faded altar of an unknown god.
   910 | D:2      | Reached skill level 1 in Invocations
  1166 | D:2      | Reached skill level 1 in Short Blades
  1166 | D:2      | Reached skill level 1 in Long Blades
  1166 | D:2      | Reached skill level 1 in Axes
  1166 | D:2      | Reached skill level 1 in Maces & Flails
  1166 | D:2      | Reached skill level 1 in Staves
  1166 | D:2      | Reached skill level 1 in Slings
  1166 | D:2      | Reached skill level 1 in Bows
  1166 | D:2      | Reached skill level 1 in Crossbows
  1166 | D:2      | Reached skill level 1 in Throwing
  1166 | D:2      | Reached skill level 1 in Armour
  1166 | D:2      | Reached skill level 1 in Dodging
  1166 | D:2      | Reached skill level 1 in Stealth
  1166 | D:2      | Reached skill level 1 in Shields
  1166 | D:2      | Reached skill level 1 in Unarmed Combat
  1166 | D:2      | Reached skill level 1 in Evocations
  1166 | D:2      | Reached XP level 4. HP: 41/41 MP: 8/8
  1373 | D:1      | Reached skill level 1 in Conjurations
  1373 | D:1      | Reached skill level 1 in Hexes
  1373 | D:1      | Reached skill level 1 in Summonings
  1373 | D:1      | Reached skill level 1 in Necromancy
  1373 | D:1      | Reached skill level 1 in Translocations
  1373 | D:1      | Reached skill level 1 in Transmutations
  1373 | D:1      | Reached skill level 1 in Ice Magic
  1373 | D:1      | Reached skill level 1 in Air Magic
  1373 | D:1      | Reached skill level 1 in Earth Magic
  1373 | D:1      | Reached skill level 1 in Poison Magic
  1560 | D:2      | Reached XP level 5. HP: 47/47 MP: 9/9
  2178 | D:3      | Found a transporter.
  2178 | D:3      | Noticed hemabe71's ghost (amateur HuAr)
  2182 | D:3      | Found a transporter.
  2928 | D:3      | Found a hazy altar of Hepliaklqana.
  3496 | D:3      | Reached XP level 6. HP: 47/53 MP: 9/11
  4173 | D:4      | Reached XP level 7. HP: 59/59 MP: 12/12
  4311 | D:4      | Noticed Ijyb
  4357 | D:3      | Fell from the grace of Ignis
  4358 | D:3      | Became a worshipper of Hepliaklqana the Forgotten
  4432 | D:4      | Found a runed translucent gate.
  4445 | D:4      | Found a runed translucent gate.
  4446 | D:4      | Found a runed translucent gate.
  4449 | D:4      | Noticed Leissi's ghost (amateur MiFi)
  4951 | D:4      | Noticed a fire elemental
  4951 | D:4      | Noticed a fire elemental
  4951 | D:4      | Noticed a fire elemental
  4962 | D:4      | HP: 1/90 [fire elemental[the fiery vengeance of Ignis] (6)]
  4962 | D:4      | Slain by a fire elemental

Illustrated notes

Levels and vault maps discovered:
D:1:      nzn_arrival_settlement, layout_basic,
          shapermc_ecumenical_altar_pompeii, st_stairs_6
D:2:      layout_loops_ring, st_stairs_6
D:3:      layout_loops_cross, mainiacjoe_overflow_cross_hatched,
          gammafunk_ghost_arena, kennysheep_decorative_pillar, minmay_rat_hole
D:4:      layout_loops_ring, gammafunk_ghost_nasty_kobolds, uniq_ijyb

Skill      XL: |  1  2  3  4  5  6  7 |
---------------+----------------------+-----
Invocations    | 1 2 |  2.6
Short Blades   | 1 2 |  2.3
Long Blades    | 1 2 |  2.3
Axes           | 1 2 |  2.3
Maces & Flails | 1 2 |  2.3
Staves         | 1 2 |  2.3
Slings         | 1 2 |  2.3
Bows           | 1 2 |  2.3
Crossbows      | 1 2 |  2.3
Throwing       | 1 2 |  2.3
Armour         | 1 2 |  2.3
Dodging        | 1 2 |  2.3
Stealth        | 1 2 |  2.3
Shields        | 1 2 |  2.3
Unarmed Combat | 1 2 |  2.3
Evocations     | 1 2 |  2.3
Spellcasting   | 3 |  3.7
Conjurations   | 1 |  1.9
Hexes          | 1 |  1.9
Summonings     | 1 |  1.9
Necromancy     | 1 |  1.9
Translocations | 1 |  1.9
Transmutations | 1 |  1.9
Ice Magic      | 1 |  1.9
Air Magic      | 1 |  1.9
Earth Magic    | 1 |  1.9
Poison Magic   | 1 |  1.9
Fighting       | 7 |  7.0
Polearms       | 7 |  7.0
Fire Magic     | |  5.8

Action                   |  1- 3 |  4- 6 |  7- 9 || total
-------------------------+-------+-------+-------++-------
Melee: Spear             |    83 |   158 |       ||   241
       Bite              |     3 |    16 |     2 ||    21
       Short sword       |       |    57 |    29 ||    86
       Punch             |       |     1 |       ||     1
Throw: Dart              |       |       |     7 ||     7
Invok: Foxfire Swarm     |     2 |     7 |       ||     9
       Rising Flame      |       |       |     1 ||     1
       Renounce Religion |       |       |     1 ||     1
  Use: Potion            |       |       |     2 ||     2
       Scroll            |       |       |     1 ||     1
Armor: Robe              |     5 |       |       ||     5
       Ring mail         |       |    53 |     4 ||    57
       Skin              |       |       |     4 ||     4
       Leather armour    |       |       |     3 ||     3
Dodge: Dodged            |    32 |    81 |    18 ||   131

Table legend: (Time is in decaauts)
 A = Elapsed time spent in this place.
 B = Non-inter-level travel time spent in this place.
 C = Inter-level travel time spent in this place.
 D = Time resting spent in this place.
 E = Time spent auto-exploring this place.
 F = Levels seen in this place.
 G = Mean time per level.
                   A        B        C        D        E       F      G
               +--------+--------+--------+--------+--------+-----+--------+
         Total |   4913 |   4729 |    184 |   1091 |   2471 |   4 | 1228.2 |
       Dungeon |   4913 |   4729 |    184 |   1091 |   2471 |   4 | 1228.2 |
               +--------+--------+--------+--------+--------+-----+--------+

Top non-repeatable levels by time:
     D:3: 2022 daAuts
     D:2: 1332 daAuts
     D:1: 992 daAuts
     D:4: 567 daAuts
